 Dungeon Crawl Stone Soup version 0.21.1-1-g345015fe64 (webtiles) character file.

12855 TheNosferatu the Fighter (level 11, 0/102 HPs)
             Began as a Minotaur Fighter on June 13, 2018.
             Was an Elder of Yredelemnul.
             Succumbed to a wolf spider's poison
             ... on level 1 of the Spider Nest.
             The game lasted 01:51:22 (10701 turns).

TheNosferatu the Fighter (Minotaur Fighter)        Turns: 10701, Time: 01:51:23

Health: 0/102      AC: 17    Str: 25    XL:     11   Next: 67%
Magic:  12/14      EV:  7    Int:  5    God:    Yredelemnul [****..]
Gold:   463        SH: 12    Dex: 11    Spells: 10/10 levels left

rFire    . . .     SeeInvis .   x - +2 hand axe (freeze)
rCold    . . .     Gourm    .   c - +0 shield
rNeg     . . .     Faith    .   r - +1 plate armour
rPois    .         Spirit   .   (helmet restricted)
rElec    .         Reflect  .   (no cloak)
rCorr    .         Harm     .   B - +0 pair of gloves
MR       .....                  (no boots)
Stlth    ..........             p - amulet of regeneration
HPRegen  0.67/turn              w - +2 ring of strength
MPRegen  0.14/turn              v - ring of stealth

@: lethally poisoned (0 -> -34)
A: retaliatory headbutt, horns 2
a: Recall Undead Slaves, Injury Mirror, Animate Dead, Drain Life, Renounce
Religion


You were on level 1 of the Spider Nest.
You worshipped Yredelemnul.
Yredelemnul was greatly pleased with you.
You were not hungry.

You visited 3 branches of the dungeon, and saw 13 of its levels.

You collected 463 gold pieces.

Inventory:

Hand Weapons
 a - a +1 war axe
 x - a +2 hand axe of freezing (weapon)
 A - a +5 flail of protection
 J - a +2 dagger of holy wrath
Missiles
 g - 70 arrows (quivered)
 F - 2 throwing nets
Armour
 c - a +0 shield (worn)
 r - a +1 plate armour (worn)
 B - a +0 pair of gloves (worn)
 K - the +1 ring mail of Padd {+Fly rC++ MR+++ MP-9}
   (You found it on level 9 of the Dungeon)

   It greatly protects you from cold.
   It affects your resistance to hostile enchantments.
   It affects your magic capacity (-9).
   It lets you fly.
 O - a +3 leather armour
Jewellery
 p - an amulet of regeneration (around neck)
 v - a ring of stealth (right hand)
 w - a +2 ring of strength (left hand)
 M - an uncursed amulet of magic regeneration {unknown}
 N - the ring "Poasahu" {*Slow rF+ rC+ MP+9 Dex+4, unknown}
   (You found it on level 3 of the Lair of Beasts)

   [ring of magical power]

   It affects your dexterity (+4).
   It protects you from fire.
   It protects you from cold.
   It affects your magic capacity (+9).
   It may slow you when you take damage.
Wands
 o - a wand of polymorph (30)
 u - a wand of iceblast (13)
 E - a wand of acid (8)
 I - a wand of random effects (41)
Scrolls
 i - 6 scrolls of teleportation
 j - a scroll of fog
 l - 4 scrolls of magic mapping
 q - a scroll of enchant weapon
 y - 3 scrolls of remove curse
 G - a scroll of identify
 H - a scroll of fear
Potions
 b - a potion of haste {unknown}
 d - a potion of might
 e - 3 potions of brilliance {unknown}
 h - 3 potions of invisibility
 k - 2 potions of lignification {unknown}
 m - 3 potions of cancellation {unknown}
 n - 4 potions of flight {unknown}
 s - 3 potions of heal wounds {unknown}
 t - 2 potions of ambrosia {unknown}
 z - 2 potions of agility
 C - a potion of curing {unknown}
 D - a potion of berserk rage {unknown}
Miscellaneous
 L - a phantom mirror
Comestibles
 f - 20 rations


   Skills:
 + Level 11.0 Fighting
 + Level 10.6 Axes
 + Level 11.0 Armour
 + Level 2.3 Dodging
 * Level 2.3 Stealth
 + Level 11.0 Shields
 - Level 6.0 Invocations


You had 10 spell levels left.
You didn't know any spells.

Dungeon Overview and Level Annotations

Branches:
Dungeon (9/15)             Temple (0/1) D:7            Lair (3/6) D:9
 Spider (1/4) Lair:3
  Swamp: Lair:2-4    Shoals: Lair:2-4       Orc: D:9-12

Altars:
Ashenzari
Cheibriados
Dithmenos
Hepliaklqana
Kikubaaqudgha
Makhleb
Nemelex Xobeh
Okawaru
Ru
Sif Muna
Trog
Uskayaw
Wu Jian
Xom
Yredelemnul
Zin
The Shining One

Shops:
D:7 ?:   D:8 :


Innate Abilities, Weirdness & Mutations

You reflexively headbutt those who attack you in melee.
You have a pair of horns on your head.


Message History

* * * LOW HITPOINT WARNING * * *
You feel very sick.
Your flying skull closely misses the orb spider.
The orb spider weaves a glowing orb of energy.
The wavering orb of destruction weakly hits your flying skull.
Your flying skull is blown up!
* * * LOW HITPOINT WARNING * * *
You feel very sick.
Your flying skull hits the orb spider.
Your wolf spider zombie barely misses the orb spider.
Your wolf spider zombie bites the orb spider.
There is a lethal amount of poison in your body!
* * * LOW HITPOINT WARNING * * *
You feel very sick.
Your flying skull hits the orb spider.
Your wolf spider zombie hits the orb spider!
Your wolf spider zombie closely misses the orb spider.
The orb spider begins to weave its threads into a brightly glowing ball.
You die...
Your body rises from the dead as a mindless zombie.

...... .......
....... .......
....^zW####
....s#...≈###
.....zZ..#..#
.....#......####
........@...^≈≈#
........)....≈##
.......)......#
..............#
............≈≈≈#
.#..........#≈##
.............##
...!........##


You could see an orb spider, a friendly phantasmal warrior, 2 friendly flying
skulls and a friendly wolf spider zombie.

Vanquished Creatures
  A hydra (Lair:3)
  A two-headed ogre (D:8)
  3 spiny frogs
  Prince Ribbit (D:5)
  A hornet (D:8)
  6 blink frogs
  2 hippogriffs (D:9)
  Sigmund (D:4)
  A redback (Lair:3)
  2 wyverns (D:9)
  A basilisk (Lair:2)
  Eustachio (D:6)
  A human (D:8)
  Edmund (D:5)
  2 water moccasins
  3 porcupines
  2 ice beasts
  A sky beast (D:9)
  A black bear (D:9)
  An ogre (D:5)
  4 phantoms
  7 wolves
  The ghost of nocturnal the Cutter, an amateur HaWr (D:3)
  A crocodile (Lair:2)
  7 bullfrogs
  3 scorpions
  Dowan (D:4)
  7 killer bees
  3 wights (D:7)
  An electric eel (Lair:3)
  A vampire bat (Lair:3)
  A howler monkey (D:7)
  4 crimson imps
  2 orc priests
  2 centaur skeletons
  2 hounds
  2 jellies (D:5)
  2 orc wizards
  Ijyb (D:5)
  Natasha (twice) (D:4)
  2 iguanas
  8 worker ants
  Robin (D:3)
  A howler monkey skeleton (D:9)
  5 gnolls
  14 adders
  4 shadow imps
  An ooze (D:1)
  An adder skeleton (D:8)
  A worm (D:4)
  2 dart slugs
  6 leopard geckos
  23 orcs
  A ball python (D:2)
  3 giant cockroaches
  17 goblins
  4 hobgoblins
  14 jackals
  3 quokkas
  A ball python zombie (D:5)
  11 bats
  8 frilled lizards
  A goblin skeleton (D:8)
  A goblin zombie (D:8)
  A hobgoblin zombie (D:8)
  4 kobolds
  A kobold skeleton (D:8)
  A kobold zombie (D:8)
  2 leopard gecko skeletons (D:5)
  An orc zombie (D:8)
  A quokka skeleton (D:5)
  7 rats
  2 fungi (D:9)
  A plant (D:9)
241 creatures vanquished.

Vanquished Creatures (collateral kills)
  A hydra (Lair:1)
  A lindwurm (Lair:3)
  2 wolf spiders (Spider:1)
  Psyche (D:8)
  A black mamba (Lair:1)
  A demonic crawler (Spider:1)
  A komodo dragon (Lair:3)
  A hornet (D:8)
  2 blink frogs (Lair:1)
  2 redbacks (Spider:1)
  A wyvern (Lair:2)
  2 basilisks
  4 water moccasins
  3 porcupines
  Duvessa (D:4)
  2 black bears
  A phantom (D:5)
  A sky beast (D:7)
  2 ogres
  5 wolves
  3 crocodiles
  A bullfrog (D:7)
  A killer bee (D:8)
  A howler monkey (D:7)
  An electric eel (Lair:3)
  3 crimson imps
  A hound (D:8)
  3 jellies
  An iguana (D:5)
  Natasha (D:4)
  A worker ant (D:7)
  A hound skeleton (D:8)
  4 orcs
  2 bats (Lair:3)
  A goblin (D:7)
  A jackal (D:5)
  A hobgoblin zombie (D:8)
  A kobold skeleton (D:8)
  An orc zombie (D:8)
  10 fungi
  35 plants
109 creatures vanquished.

Vanquished Creatures (others)
  6 flying skulls
  A vampire (Lair:3)
  A wraith (Spider:1)
  2 wights (Spider:1)
  A hound zombie (D:4)
  A worker ant zombie (D:4)
  A scorpion zombie (D:5)
  2 adder zombies (D:5)
  A gnoll zombie (D:7)
  A goblin zombie (D:7)
  A kobold zombie (D:7)
  A leopard gecko zombie (D:6)
  3 orc zombies (D:6)
  5 fungi (D:9)
27 creatures vanquished.

Grand Total: 377 creatures vanquished

Notes
Turn   | Place    | Note
-------+----------+-------------------------------------------
     0 | D:1      | TheNosferatu the Minotaur Fighter began the quest for the Orb.
     0 | D:1      | Reached XP level 1. HP: 19/19 MP: 0/0
   185 | D:1      | Reached XP level 2. HP: 27/27 MP: 1/1
  1128 | D:2      | Found a snail-covered altar of Cheibriados.
  1142 | D:2      | Reached XP level 3. HP: 33/33 MP: 2/2
  1381 | D:2      | Found a sacrificial altar of Ru.
  1463 | D:2      | Found a basalt altar of Yredelemnul.
  1838 | D:3      | Noticed nocturnal's ghost (amateur HaWr)
  1966 | D:2      | Became a worshipper of Yredelemnul the Dark
  2025 | D:3      | Found a burning altar of Makhleb.
  2051 | D:3      | Reached XP level 4. HP: 37/41 MP: 3/3
  2060 | D:3      | Found a glowing silver altar of Zin.
  2190 | D:3      | Found a faded altar of an unknown god.
  2600 | D:3      | Killed nocturnal's ghost
  2600 | D:3      | Reached * piety under Yredelemnul
  2600 | D:3      | Reached skill level 5 in Fighting
  2600 | D:3      | Reached skill level 5 in Armour
  2600 | D:3      | Reached XP level 5. HP: 38/48 MP: 4/4
  2734 | D:3      | Noticed Robin
  2742 | D:3      | Killed Robin
  2742 | D:3      | Reached skill level 5 in Shields
  3147 | D:4      | Reached XP level 6. HP: 46/56 MP: 5/5
  3478 | D:4      | Noticed Natasha
  3485 | D:4      | Killed Natasha
  3488 | D:4      | Noticed Sigmund
  3517 | D:4      | Killed Sigmund
  3517 | D:4      | Reached skill level 5 in Axes
  3517 | D:4      | Reached XP level 7. HP: 56/63 MP: 6/6
  3549 | D:4      | Reached ** piety under Yredelemnul
  3585 | D:4      | Noticed Natasha
  3589 | D:4      | Killed Natasha
  3594 | D:4      | Noticed Natasha
  3607 | D:4      | Noticed Dowan
  3615 | D:4      | Killed Natasha
  3623 | D:4      | Killed Dowan
  4072 | D:4      | Noticed Duvessa
  4089 | D:4      | Killed Duvessa
  4089 | D:4      | Reached XP level 8. HP: 12/71 MP: 7/7
  4483 | D:5      | Entered Level 5 of the Dungeon
  4766 | D:5      | Noticed Ijyb
  4780 | D:5      | Killed Ijyb
  4887 | D:5      | Noticed Prince Ribbit
  4904 | D:5      | Killed Prince Ribbit
  5176 | D:5      | Reached *** piety under Yredelemnul
  5331 | D:5      | Noticed Edmund
  5351 | D:5      | Killed Edmund
  5542 | D:6      | Noticed Eustachio
  5595 | D:6      | Killed Eustachio
  5595 | D:6      | Reached XP level 9. HP: 79/81 MP: 8/8
  5665 | D:6      | Reached skill level 1 in Invocations
  5978 | D:6      | Received a gift from Yredelemnul (a wight)
  6074 | D:6      | Found an ancient bone altar of Kikubaaqudgha.
  6738 | D:7      | Found a shattered altar of Ashenzari.
  6750 | D:7      | Found an iron altar of Okawaru.
  6970 | D:7      | Found Jihyvvus's Book Shop.
  7333 | D:7      | Found Kucuboug's Magic Scroll Shoppe.
  7348 | D:7      | Found a staircase to the Ecumenical Temple.
  7528 | D:8      | Reached **** piety under Yredelemnul
  7598 | D:8      | Received a gift from Yredelemnul (5 flying skulls)
  7617 | D:8      | Noticed a two-headed ogre
  7623 | D:8      | Killed a two-headed ogre
  7623 | D:8      | Reached XP level 10. HP: 72/91 MP: 11/11
  7641 | D:8      | Found Fiwysas's Book Emporium.
  7647 | D:8      | Found a shimmering altar of Xom.
  7757 | D:8      | Found a glowing golden altar of the Shining One.
  7764 | D:8      | Received a gift from Yredelemnul (a wraith)
  7832 | D:8      | Found a sparkling altar of Nemelex Xobeh.
  7926 | D:8      | Found a sparkling altar of Nemelex Xobeh.
  7989 | D:8      | Found an ornate altar of the Wu Jian Council.
  8018 | D:8      | Noticed Psyche
  8025 | D:8      | Killed Psyche
  8034 | D:8      | Found a deep blue altar of Sif Muna.
  8037 | D:8      | Found a hazy altar of Hepliaklqana.
  8037 | D:8      | Found a shadowy altar of Dithmenos.
  8037 | D:8      | Found a hide-covered altar of Uskayaw.
  8116 | D:8      | Found a bloodstained altar of Trog.
  8257 | D:9      | Got a dazzling ring mail
  8262 | D:9      | Received a gift from Yredelemnul (a wight)
  8282 | D:9      | Found a staircase to the Lair.
  8330 | Lair:1   | Entered Level 1 of the Lair of Beasts
  8346 | Lair:1   | Noticed a black mamba
  8358 | Lair:1   | Killed a black mamba
  8369 | Lair:1   | Identified the +1 ring mail of Padd {+Fly rC++ MR+++ MP-9} (You found it on level 9 of the Dungeon)
  8453 | Lair:1   | Noticed a spiny frog
  8459 | Lair:1   | Killed a spiny frog
  8459 | Lair:1   | Reached skill level 10 in Fighting
  8459 | Lair:1   | Reached skill level 5 in Invocations
  8461 | Lair:1   | Reached skill level 10 in Armour
  8461 | Lair:1   | Reached skill level 10 in Shields
  8720 | Lair:1   | Noticed an eight-headed hydra
  8727 | Lair:1   | Killed a ten-headed hydra
  8934 | Lair:1   | Noticed a spiny frog
  8941 | Lair:1   | Killed a spiny frog
  8941 | Lair:1   | Reached XP level 11. HP: 87/101 MP: 14/14
  9073 | Lair:1   | Found a dark tunnel.
  9476 | Lair:2   | Received a gift from Yredelemnul (a vampire)
  9535 | Lair:2   | Reached skill level 10 in Axes
  9694 | Lair:2   | You fall through a shaft!
  9751 | Lair:3   | Found a hole to the Spider Nest.
  9795 | Lair:3   | Noticed a lindwurm
  9807 | Lair:3   | Killed a lindwurm
 10025 | Lair:3   | Got a twitching platinum ring
 10056 | Lair:3   | Reached skill level 1 in Dodging
 10056 | Lair:3   | Reached skill level 1 in Stealth
 10058 | Lair:3   | Received a gift from Yredelemnul (3 flying skulls)
 10230 | Lair:3   | Noticed a seven-headed hydra
 10240 | Lair:3   | Killed a 13-headed hydra
 10681 | Spider:1 | Entered Level 1 of the Spider Nest
 10681 | Spider:1 | Noticed a wolf spider
 10681 | Spider:1 | Noticed an orb spider
 10691 | Spider:1 | Noticed a wolf spider
 10691 | Spider:1 | Killed a wolf spider
 10696 | Spider:1 | Killed a wolf spider
 10697 | Spider:1 | Received a gift from Yredelemnul (a phantasmal warrior)
 10700 | Spider:1 | HP: 3/102 [poisoned by a wolf spider]
 10701 | Spider:1 | Succumbed to a wolf spider's poison

Skill      XL: |  1  2  3  4  5  6  7  8  9 10 11 |
---------------+----------------------------------+-----
Fighting       | 4 5 6 8 9 10 11 | 11.0
Armour         | 4 5 6 7 9 10 11 | 11.0
Shields        | 4 5 6 7 9 10 11 | 11.0
Axes           | 3 4 5 7 8 9 10 | 10.6
Invocations    | 3 5 6 |  6.0
Dodging        | 2 |  2.3
Stealth        | 2 |  2.3

Action                   |  1- 3 |  4- 6 |  7- 9 | 10-12 || total
-------------------------+-------+-------+-------+-------++-------
Melee: War axe           |    83 |   106 |       |       ||   189
       Headbutt          |    10 |    26 |    70 |    57 ||   163
       Hand axe          |       |    49 |   328 |   248 ||   625
Invok: Animate Remains   |       |     2 |     9 |       ||    11
       Animate Dead      |       |       |    11 |    16 ||    27
       Recall Undead Sla |       |       |     2 |     5 ||     7
  Use: Scroll            |     7 |     4 |     1 |     2 ||    14
 Stab: Distracted        |       |       |     2 |       ||     2
  Eat: Chunk             |     4 |     3 |     1 |     7 ||    15
       Ration            |       |     1 |     5 |     3 ||     9
Armor: Scale mail        |    10 |       |       |       ||    10
       Plate armour      |    24 |    80 |   165 |    93 ||   362
Dodge: Dodged            |    20 |    20 |    75 |    51 ||   166
Block: Shield            |    41 |    69 |   174 |   135 ||   419
